AoeStats
← Mr. Penis

Black Forest

509463486Analyzed
4v4 RM · 4d ago on Sep 26, 2026· 48m 1s· 8 players
Game mode
Random Map
Map size
Large (8 player)
Population
200
Speed
Normal
Resources
Standard
Victory
Conquest
Starting age
Dark Age
Ending age
Imperial Age
RankedLock teamsTeams togetherTeam positionsShared explorationLock speedFull tech treeHidden civsTurbo modeCheats
Victory
Defeat
🇩🇪 Turks · Germany
1292
+16
🇩🇪 Malay · Germany
1280
+16
🇩🇪 Spanish · Germany
1205
+19
🇹🇷 Khmer · Türkiye
1183
+20
🇷🇺 Jurchens · Russia
1318
-19
🇹🇼 Hindustanis · Taiwan
1301
-19
🇦🇷 Bohemians · Argentina
1271
-17
🇲🇽 Wu · Mexico
1236
-16
Der unglaubliche Horst™
4:34 Loom
11:02 Feudal Age
12:35 Double-Bit Axe
15:24 Castle Age
13:52 Fishing Lines
15:09 Gillnets
16:33 Loom
21:09 Wheelbarrow
21:15 Bow Saw
22:45 Hand Cart
22:55 Horse Collar
23:06 Gold Mining
24:01 Town Watch
25:16 Gold Shaft Mining
24:43 Heavy Plow
24:35 Stone Mining
28:56 Imperial Age
27:42 Stone Shaft Mining
27:35 Husbandry
27:46 Forging
27:44 Scale Barding Armor
28:20 Elite Battle Elephant
28:32 Capped Ram
30:16 Chemistry
30:53 Iron Casting
31:49 Conscription
32:18 Siege Engineers
35:18 Light Cavalry
37:06 Blast Furnace
38:28 Caravan
39:11 Squires
38:34 Pikeman
40:48 Fletching
LingLing
1:14 Loom
11:40 Feudal Age
12:09 Double-Bit Axe
19:33 Castle Age
17:19 Horse Collar
19:06 Gold Mining
20:23 Fishing Lines
20:49 Padded Archer Armor
20:40 Fletching
21:09 Bow Saw
21:28 Heavy Plow
22:06 Wheelbarrow
24:25 Stone Mining
27:09 Hand Cart
27:16 Town Watch
32:28 Imperial Age
32:21 Bodkin Arrow
35:52 Artillery
35:57 Murder Holes
38:15 Caravan
38:32 Leather Archer Armor
38:48 Conscription
40:13 Bracer
40:32 Masonry
42:06 Architecture
44:12 Bloodlines
46:52 Ballistics
SwaggyPeasant
8:11 Loom
12:11 Feudal Age
12:42 Double-Bit Axe
17:08 Castle Age
18:54 Bow Saw
20:54 Horse Collar
23:27 Wheelbarrow
23:30 Heavy Plow
23:31 Fishing Lines
25:06 Hand Cart
25:01 Gold Mining
25:01 Stone Mining
30:12 Imperial Age
27:54 Masonry
29:06 Pikeman
29:46 Squires
29:54 Scale Barding Armor
30:00 Forging
30:50 Husbandry
31:00 Bloodlines
30:56 Town Watch
31:34 Chain Barding Armor
31:01 Cavalier
33:18 Chemistry
32:58 Architecture
33:07 Architecture
33:34 Plate Barding Armor
33:35 Iron Casting
34:03 Two-Man Saw
33:38 Conscription
33:59 Hoardings
33:00 Paladin
34:46 Light Cavalry
36:34 Blast Furnace
37:04 Hussar
41:00 Man-at-Arms
41:25 Gambesons
41:43 Scale Mail Armor
41:25 Halberdier
43:45 Chain Mail Armor
42:52 Long Swordsman
43:56 Two-Handed Swordsman
45:09 Champion
47:22 Plate Mail Armor
temur
0:29 Loom
13:06 Feudal Age
17:43 Castle Age
16:47 Double-Bit Axe
18:36 Horse Collar
21:19 Bow Saw
25:01 Heavy Plow
27:50 Wheelbarrow
32:10 Imperial Age
29:36 Town Watch
31:42 Bloodlines
34:54 Chemistry
34:26 Double Crossbow
34:33 Stone Mining
34:33 Gold Mining
34:33 Stone Mining
35:19 Fletching
35:29 Padded Archer Armor
36:55 Ballistics
36:46 Masonry
36:44 Siege Engineers
37:27 Heavy Scorpion
38:17 Town Patrol
39:20 Scale Barding Armor
39:43 Leather Archer Armor
41:47 Elite Ballista Elephant
45:13 Conscription
45:51 Masonry
Oveja de Batalla
1:36 Loom
13:12 Feudal Age
18:20 Town Watch
20:55 Castle Age
18:45 Double-Bit Axe
18:41 Horse Collar
19:37 Fletching
19:48 Padded Archer Armor
22:04 Bow Saw
22:44 Heavy Plow
24:18 Scale Mail Armor
26:30 Gold Mining
30:44 Leather Archer Armor
30:25 Bodkin Arrow
31:40 Wheelbarrow
36:29 Imperial Age
33:25 Pikeman
34:06 Squires
33:51 Man-at-Arms
35:38 Gold Shaft Mining
35:20 Chain Mail Armor
36:09 Scale Barding Armor
36:36 Forging
36:37 Halberdier
37:49 Plate Mail Armor
39:36 Iron Casting
42:23 Blast Furnace
47:27 Bracer
48:14 Chain Barding Armor
48:56 Chemistry
48:17 Ballistics
Mr. Penis
0:39 Loom
12:42 Feudal Age
17:51 Castle Age
15:56 Double-Bit Axe
15:58 Horse Collar
19:00 Bow Saw
20:35 Wheelbarrow
20:17 Heavy Plow
21:58 Town Watch
24:35 Gold Mining
24:35 Stone Mining
26:50 Fervor
30:30 Imperial Age
28:58 Gold Shaft Mining
29:10 Stone Shaft Mining
30:35 Town Patrol
30:55 Hand Cart
30:53 Bloodlines
30:52 Scale Barding Armor
31:06 Husbandry
31:47 Sanctity
30:54 Elite Steppe Lancer
33:18 Crop Rotation
37:36 Two-Man Saw
37:21 Block Printing
38:19 Illumination
44:42 Light Cavalry
46:38 Chain Barding Armor
MatRm10
9:46 Feudal Age
13:51 Castle Age
13:06 Double-Bit Axe
13:05 Horse Collar
14:57 Heavy Plow
18:16 Bow Saw
19:12 Heavy Plow
20:44 Wheelbarrow
23:23 Fervor
29:17 Imperial Age
29:29 Chemistry
29:52 Padded Archer Armor
30:57 Hand Cart
31:27 Conscription
33:18 Two-Man Saw
33:10 Siege Engineers
33:52 Leather Archer Armor
34:16 Fletching
34:51 Wagenburg Tactics
34:16 Elite Skirmisher
35:15 Houfnice
35:21 Pikeman
36:01 Squires
36:17 Scale Mail Armor
37:22 Halberdier
38:18 Chain Mail Armor
38:33 Bodkin Arrow
40:12 Bracer
40:41 Masonry
40:26 Murder Holes
41:28 Ring Archer Armor
41:31 Plate Mail Armor
42:36 Forging
42:32 Scale Barding Armor
43:52 Ballistics
44:08 Iron Casting
46:40 Blast Furnace
47:04 Chain Barding Armor
小浮兒
11:46 Feudal Age
16:26 Castle Age
14:30 Double-Bit Axe
14:28 Fishing Lines
19:37 Gillnets
24:05 Wheelbarrow
24:13 Bow Saw
27:33 Stone Mining
27:35 Gold Mining
27:38 Loom
27:36 Horse Collar
29:57 Hand Cart
29:53 Heavy Plow
33:39 Imperial Age
30:55 Town Watch
31:19 Scale Barding Armor
31:24 Forging
31:55 Gold Shaft Mining
31:57 Stone Shaft Mining
32:21 Chain Barding Armor
34:28 Iron Casting
34:39 Bloodlines
34:30 Husbandry
35:18 Plate Barding Armor
34:06 Heavy Camel Rider
35:26 Conscription
35:18 Grand Trunk Road
38:16 Blast Furnace
38:14 Imperial Camel Rider
38:36 Light Cavalry
39:29 Hussar
42:01 Caravan
42:37 Conscription
43:46 Grand Trunk Road
44:07 Siege Engineers
44:24 Ballistics
45:17 Chemistry
44:38 Ballistics
Connection lost

Rejoining the realm…

Still unreachable

The connection could not be restored.

Session expired

The server has moved on; the page needs a fresh start.